 Dungeon Crawl Stone Soup version 0.30-b1-2-g02819fbbbe (webtiles) character file.

Game seed: 14360582041680066426

93515 Clive the Severer (level 15, -10/145 HPs)
             Began as a Minotaur Fighter on May 4, 2023.
             Was the Champion of Makhleb.
             Killed from afar by a will-o-the-wisp (32 damage)
             ... with a foxfire
             ... on level 1 of the Swamp.
             The game lasted 01:35:58 (26570 turns).

Clive the Severer (Minotaur Fighter)               Turns: 26570, Time: 01:35:58

Health: -10/145    AC: 23    Str: 39    XL:     15   Next: 60%
Magic:  14/14      EV: 11    Int:  5    God:    Makhleb [******]
Gold:   684        SH:  6    Dex: 11    Spells: 14/14 levels left

rFire   . . .        L - +4 flail
rCold   . . .        c - +0 buckler
rNeg    . . .        R - +0 plate armour
rPois   .            p - +2 hat
rElec   .            J - scarf {+Inv}
rCorr   .            q - +0 pair of gloves
SInv    .            k - +0 pair of boots
Will    +....        M - amulet of the acrobat Stlth
                     o - +6 ring of strength
HPRegen 0.44/turn    C - +6 ring of strength
MPRegen 0.14/turn

%: acrobat
@: no status effects
A: horns 2, retaliatory headbutt
a: Renounce Religion, Evoke Invisibility, Minor Destruction, Lesser Servant of
Makhleb, Major Destruction, Greater Servant of Makhleb


You were on level 1 of the Swamp.
You worshipped Makhleb.
Makhleb was exalted by your worship.
You visited 5 branches of the dungeon, and saw 24 of its levels.
You also visited: Gauntlet.

You collected 2556 gold pieces.
You spent 1872 gold pieces at shops.

Inventory:

Hand Weapons
 F - a +0 battleaxe of flaming
 L - a +4 flail (weapon)
 V - a +0 broad axe
Armour
 c - a +0 buckler (worn)
 k - a +0 pair of boots (worn)
 p - a +2 hat (worn)
 q - a +0 pair of gloves (worn)
 J - a scarf of invisibility (worn)
 R - a +0 plate armour (worn)
Jewellery
 b - a ring of flight
 e - a ring of ice
 h - a ring of protection from fire
 i - a ring of protection from cold
 l - a +6 ring of dexterity
 o - a +6 ring of strength (left hand)
 s - a ring of willpower
 z - a ring of see invisible
 B - a ring of willpower
 C - a +6 ring of strength (right hand)
 M - an amulet of the acrobat (around neck)
Wands
 t - a wand of flame (15)
 G - a wand of roots (16)
 H - a wand of acid (29)
 Q - a wand of charming (13)
Scrolls
 g - 6 scrolls of fog
 j - 5 scrolls of identify
 r - a scroll of silence {unknown}
 u - a scroll of butterflies {unknown}
 v - 3 scrolls of blinking
 w - 3 scrolls of teleportation
 I - a scroll of fear {unknown}
Potions
 a - 2 potions of brilliance
 d - 8 potions of might
 f - 12 potions of curing
 m - 2 potions of invisibility {unknown}
 n - 4 potions of berserk rage
 x - a potion of resistance
 D - 3 potions of haste
 K - 5 potions of heal wounds
 O - 2 potions of flight {unknown}
 U - 4 potions of cancellation


   Skills:
 + Level 16.7 Fighting
 + Level 20.3 Axes
 + Level 17.5 Armour
 + Level 5.2 Dodging
 - Level 2.0 Stealth
 + Level 11.3 Shields


You had 14 spell levels left.
You didn't know any spells.
Your spell library contained the following spells:

 Spells                   Type           Power      Damage    Failure   Level
 Freeze                   Ice            0%         1d3       89%         1
 Magic Dart               Conj           0%         1d3       89%         1
 Slow                     Hex            0%         N/A       89%         1
 Summon Small Mammal      Summ           0%         N/A       89%         1
 Call Imp                 Summ           0%         N/A       96%         2
 Ensorcelled Hibernation  Hex/Ice        0%         N/A       96%         2
 Scorch                   Fire           0%         2d5       96%         2
 Call Canine Familiar     Summ           0%         N/A       99%         3
 Confusing Touch          Hex            0%         N/A       99%         3
 Frozen Ramparts          Ice            0%         1d1       99%         3
 Hailstorm                Conj/Ice       0%         3d3       99%         3
 Ignite Poison            Fire/Tmut/Pois 0%         N/A       99%         3
 Inner Flame              Hex/Fire       0%         N/A       99%         3
 Mephitic Cloud           Conj/Pois/Air  0%         N/A       99%         3
 Spider Form              Tmut/Pois      0%         N/A       99%         3
 Summon Guardian Golem    Hex/Summ       0%         N/A       99%         3
 Vampiric Draining        Necr           0%         2d6       99%         3
 Anguish                  Hex/Necr       0%         N/A       100%        4
 Flame Wave               Conj/Fire      0%         2d4       100%        4
 Leda's Liquefaction      Hex/Erth       0%         N/A       100%        4
 Sticky Flame             Conj/Fire      0%         2d3       100%        4
 Lee's Rapid Deconstruct  Erth           0%         3d4*      100%        5
 Yara's Violent Unravell  Hex/Tmut       0%         3d3       100%        5
 Statue Form              Tmut/Erth      0%         N/A       100%        6
 Summon Cactus Giant      Summ           0%         N/A       100%        6
 Enfeeble                 Hex            0%         N/A       100%        7
 Ignition                 Fire           0%         3d3       100%        8


Dungeon Overview and Level Annotations

Branches:
Dungeon (15/15)            Temple (1/1) D:4            Lair (5/5) D:9
  Swamp (1/4) Lair:2       Spider (0/4) Lair:3        Slime (0/5) Lair:4
    Orc (2/2) D:12            Elf (0/3) Orc:2        Vaults (0/5) D:14
 Depths (0/4) D:15        Gauntlet (visited)

Altars:
Ashenzari
Cheibriados
Dithmenos
Elyvilon
Fedhas
Gozag
Hepliaklqana
Kikubaaqudgha
Makhleb
Nemelex Xobeh
Okawaru
Qazlal
Ru
Sif Muna
Trog
Uskayaw
Vehumet
Wu Jian
Xom
Yredelemnul
Zin
The Shining One

Shops:
D:3 *   D:6 (   D:11 [[![   Orc:2 !!(*

Annotations:
D:7 Pikel
Lair:2 exclusion: orange crystal statue


Innate Abilities, Weirdness & Mutations

You have a pair of horns on your head.
You reflexively headbutt those who attack you in melee.


Message History

You kill the seven-headed hydra!
Makhleb accepts your kill.
You feel better.
The will-o-the-wisp gestures.
The will-o-the-wisp conjures some foxfire! 2 foxfires come into view.
The foxfire hits you!!
The will-o-the-wisp gestures.
The will-o-the-wisp conjures some foxfire!
The foxfire hits you! 2 foxfires come into view.
The foxfire hits you! The foxfire hits you!!
The will-o-the-wisp gestures.
The will-o-the-wisp conjures some foxfire! 2 foxfires come into view.
You see here a scroll of poison.
You are too injured to fight recklessly!
Unknown command.
You enter the shallow water.
Moving in this stuff is going to be slow.
The foxfire hits you!!
* * * LOW HITPOINT WARNING * * *
The foxfire hits you!
* * * LOW HITPOINT WARNING * * *
You are engulfed in a cloud of scalding steam.
The will-o-the-wisp gestures.
The will-o-the-wisp conjures some foxfire! 2 foxfires come into view.
You see here a scroll of poison.
The foxfire hits you.
* * * LOW HITPOINT WARNING * * *
The foxfire hits you but does no damage.
The will-o-the-wisp gestures.
The will-o-the-wisp conjures some foxfire! 2 foxfires come into view.
There is a stone staircase leading down here.
The foxfire hits you.
* * * LOW HITPOINT WARNING * * *
The foxfire hits you!!
You die...

.~...........~.~..
~.~..~...~....~..
♣~.♣....~~~§.....
♣♣.....~~~.~)...
♣~~....~....~...
♣~..~~....##~... ♣♣♣♣
♣♣~...~..##..~..
....~♣♣♣♣♣♣...♣.#.....~.
.~~~.♣.@†..~..§.#?..~...
~.§~§§.v†~~...~.#...~...
~.~~...§.~§§..~..#.....#
....~~~v§..~.♣...##...##
~..~~§~~§~§~.♣♣~..#####
...~~§~~~§§~.♣♣♣♣...
~...~~~~~~~~~~~~$♣ ♣♣.~
~~..~~~~~~~~~§§~~.♣ ..
.>♣.~~~~~~~~.~~§~..♣


You could see a will-o-the-wisp.

Vanquished Creatures
  Jorgrun (Orc:1)
  Gastronok (D:12)
  An orc warlord (Orc:1)
  A minotaur (Gauntlet)
  An ettin (D:15)
  A fire dragon (D:10)
  A yaktaur captain (D:14)
  4 hydras
  7 centaur warriors
  3 boulder beetles
  A catoblepas (Gauntlet)
  3 two-headed ogres
  3 tengu warriors
  2 skysharks
  3 skeletal warriors
  A deep troll (D:15)
  2 necromancers (D:15)
  The ghost of kthxbai the Firebug, a novice DgFE (D:8)
  3 orc knights
  4 deep elf pyromancers
  2 orc sorcerers
  A lindwurm (Lair:5)
  A wolf spider (D:10)
  3 manticores
  6 ugly things
  6 elephants (Lair:4)
  6 cyclopes
  A rust devil (Gauntlet)
  Maurice (D:13)
  4 gargoyles
  5 black mambas
  A molten gargoyle (Gauntlet)
  2 torpor snails (Lair:5)
  A cane toad (shapeshifter) (D:15)
  13 cane toads
  2 yaktaurs (D:14)
  9 kobold demonologists
  An efreet (D:13)
  3 rime drakes
  9 komodo dragons
  A freezing wraith (D:14)
  3 tengu conjurers (D:13)
  7 trolls
  5 polar bears
  31 blink frogs
  5 tyrant leeches
  2 wolf spider simulacra (D:15)
  7 hornets
  8 dream sheep (Lair:5)
  17 slime creatures
  14 spriggans (Lair:5)
  A vampire (D:11)
  5 wyverns
  A ynoxinul (Gauntlet)
  2 shadows (D:12)
  7 basilisks
  63 yaks
  A steam dragon (D:8)
  3 vampire mosquitoes (Swamp:1)
  A warg (Orc:1)
  2 swamp worms (Lair:2)
  10 water moccasins
  4 ice beasts
  34 orc warriors
  5 black bears
  2 sky beasts (D:7)
  8 ogres
  4 boggarts (Lair:5)
  16 centaurs
  30 wolves
  4 lemures (D:7)
  3 phantoms
  12 bullfrogs
  8 kobold brigands
  A gnoll sergeant (D:12)
  A scorpion (D:6)
  5 wights (D:8)
  3 howler monkeys
  6 hounds
  15 orc priests
  4 iron imps (Gauntlet)
  6 jellies
  5 sleepcaps
  3 iguanas
  Terence (D:3)
  Natasha (D:4)
  18 orc wizards
  2 human simulacra (D:12)
  8 gnolls
  3 adders
  A white imp (D:7)
  87 orcs
  3 ball pythons
  9 bats
  5 endoplasms
  3 giant cockroaches
  4 goblins
  7 hobgoblins
  5 jackals
  4 quokkas
  28 kobolds
  4 rats
689 creatures vanquished.

Vanquished Creatures (others)
  An orc (Orc:2)
  9 foxfires (Swamp:1)
  23 fungi
  30 plants
63 creatures vanquished.

Grand Total: 752 creatures vanquished

Notes
Turn   | Place    | Note
-------+----------+-------------------------------------------
     0 | D:1      | Clive the Minotaur Fighter began the quest for the Orb.
     0 | D:1      | Reached XP level 1. HP: 19/19 MP: 0/0
   156 | D:1      | Reached XP level 2. HP: 27/27 MP: 1/1
   166 | D:1      | Found a faded altar of an unknown god.
   651 | D:2      | Reached XP level 3. HP: 30/33 MP: 2/2
   894 | D:3      | Reached skill level 3 in Axes
   894 | D:3      | Reached XP level 4. HP: 40/40 MP: 3/3
  1090 | D:2      | Found a snail-covered altar of Cheibriados.
  1189 | D:3      | Found Geisk's Assorted Antiques.
  1329 | D:3      | Noticed Terence
  1340 | D:3      | Killed Terence
  1341 | D:3      | Reached skill level 4 in Axes
  1479 | D:3      | Reached XP level 5. HP: 47/47 MP: 4/4
  1691 | D:4      | Identified the +0 robe of the Unseen Realm {Dex+4 Stlth+}
  1693 | D:4      | Noticed Natasha
  1967 | D:4      | Found a staircase to the Ecumenical Temple.
  1982 | Temple   | Entered the Ecumenical Temple
  2289 | D:4      | Reached skill level 5 in Armour
  2391 | D:4      | Found a burning altar of Makhleb.
  2393 | D:4      | Found a shimmering blue altar of Sif Muna.
  2396 | D:4      | Became a worshipper of Makhleb the Destroyer
  2449 | D:4      | Killed Natasha
  2450 | D:4      | Reached skill level 1 in Dodging
  2605 | D:4      | Reached XP level 6. HP: 53/53 MP: 5/5
  2708 | D:5      | Entered Level 5 of the Dungeon
  2962 | D:5      | Reached skill level 5 in Axes
  3319 | D:5      | Noticed an ice beast
  3383 | D:6      | Reached XP level 7. HP: 60/60 MP: 6/6
  3419 | D:6      | Reached skill level 6 in Axes
  3419 | D:6      | Reached skill level 5 in Shields
  3432 | D:6      | Found Jupniolub's Antique Weapon Emporium.
  3593 | D:6      | Noticed a troll
  3648 | D:7      | Found an ancient bone altar of Kikubaaqudgha.
  3711 | D:7      | Reached skill level 7 in Axes
  3821 | D:6      | Noticed a wyvern
  3867 | D:7      | Reached * piety under Makhleb
  3938 | D:7      | Reached skill level 5 in Fighting
  3938 | D:7      | Reached XP level 8. HP: 66/68 MP: 7/7
  3978 | D:7      | Found a glowing silver altar of Zin.
  3980 | D:7      | Found a snail-covered altar of Cheibriados.
  3980 | D:7      | Found a hazy altar of Hepliaklqana.
  4002 | D:7      | Found an ornate altar of the Wu Jian Council.
  4002 | D:7      | Found a sparkling altar of Nemelex Xobeh.
  4014 | D:7      | Reached skill level 8 in Axes
  4022 | D:7      | Identified the +4 falchion of Paugocehox {freeze, rF+}
  4284 | D:7      | Noticed Pikel
  4319 | D:8      | Found a transporter.
  4326 | D:8      | Noticed a deep elf pyromancer
  4344 | D:8      | Reached skill level 9 in Axes
  4491 | D:6      | Killed a troll
  4876 | D:6      | Reached XP level 9. HP: 54/78 MP: 8/8
  5058 | D:6      | Reached skill level 10 in Axes
  5456 | D:8      | Reached ** piety under Makhleb
  5469 | D:8      | Reached skill level 11 in Axes
  5536 | D:8      | Found a transporter.
  5541 | D:8      | Noticed kthxbai's ghost (novice DgFE)
  5609 | D:8      | Identified the +6 rapier "Ileok" {venom, Str+3}
  5809 | D:9      | Reached skill level 1 in Stealth
  5847 | D:9      | Reached XP level 10. HP: 70/86 MP: 9/9
  5856 | D:9      | Reached skill level 12 in Axes
  5984 | D:9      | Reached skill level 10 in Armour
  6500 | D:9      | Found a staircase to the Lair.
  6772 | D:9      | Reached skill level 13 in Axes
  7009 | D:9      | Reached *** piety under Makhleb
  7018 | Lair:1   | Entered Level 1 of the Lair of Beasts
  7038 | D:10     | Entered Level 10 of the Dungeon
  7180 | D:9      | Noticed an orange demon
  7236 | D:10     | Noticed an orange demon
  7238 | D:10     | Reached XP level 11. HP: 33/95 MP: 10/10
  7437 | D:10     | Found a radiant altar of Vehumet.
  7490 | D:10     | Noticed a centaur warrior
  7496 | D:10     | Killed a centaur warrior
  7552 | D:10     | You fall into a shaft and drop 2 floors!
  8126 | D:10     | Noticed a fire dragon
  8421 | D:10     | Noticed a wolf spider
  8433 | D:10     | Reached skill level 14 in Axes
  8753 | D:11     | Found Naudoxte's Armour Shop.
  8758 | D:11     | Found Gyhuy's Antique Armour Shop.
  8758 | D:11     | Found Kasef's Armour Shop.
  8759 | D:11     | Found Guryam Mimusm's Distillery.
  8760 | D:11     | Noticed a two-headed ogre
  8963 | D:11     | Noticed a green ugly thing
  8994 | D:11     | Killed a green ugly thing
  9190 | D:11     | Reached **** piety under Makhleb
  9391 | D:11     | Bought a potion of curing for 45 gold pieces
  9391 | D:11     | Bought a potion of curing for 45 gold pieces
  9391 | D:11     | Bought a potion of curing for 45 gold pieces
 10148 | D:12     | Found a staircase to the Orcish Mines.
 10168 | D:11     | Killed a two-headed ogre
 10169 | D:11     | Reached skill level 10 in Fighting
 10324 | D:12     | Reached skill level 15 in Axes
 10384 | D:12     | Noticed a two-headed ogre
 10395 | D:12     | Killed a two-headed ogre
 10424 | D:12     | Noticed a boulder beetle
 10628 | D:12     | Reached XP level 12. HP: 78/106 MP: 11/11
 10942 | Orc:1    | Entered Level 1 of the Orcish Mines
 11111 | D:13     | HP: 5/107 [tengu conjurer/bolt of lightning (13)]
 11387 | D:13     | Reached skill level 16 in Axes
 11563 | D:13     | Noticed a centaur warrior
 11614 | D:13     | Killed a centaur warrior
 11622 | D:13     | Noticed a catoblepas
 11780 | D:13     | Noticed Maurice
 11796 | D:13     | Killed Maurice
 11857 | D:13     | Noticed a centaur warrior
 11888 | D:13     | Killed a centaur warrior
 12446 | D:14     | Noticed a centaur warrior
 12556 | D:14     | Noticed a tengu warrior
 13376 | Lair:1   | Reached ***** piety under Makhleb
 13695 | Lair:1   | Reached skill level 17 in Axes
 14790 | Lair:2   | Found a staircase to the Swamp.
 15109 | Lair:2   | Reached XP level 13. HP: 118/118 MP: 12/12
 15841 | Lair:3   | Found a hole to the Spider Nest.
 16791 | Lair:4   | Found a staircase to the Slime Pits.
 16820 | Lair:4   | Found a gate leading to a gauntlet.
 16834 | Gauntlet | Entered a Gauntlet
 16834 | Gauntlet | Found a transporter.
 16834 | Gauntlet | Found a transporter.
 16839 | Gauntlet | Found a transporter.
 16851 | Gauntlet | Found a transporter.
 16868 | Gauntlet | Found a transporter.
 16900 | Gauntlet | Found a transporter.
 16922 | Gauntlet | Found a transporter.
 16926 | Gauntlet | Found a transporter.
 16934 | Gauntlet | Found a transporter.
 17223 | Gauntlet | Found a transporter.
 17281 | Gauntlet | Noticed a minotaur
 17304 | Gauntlet | Killed a minotaur
 17316 | Lair:4   | Reached skill level 18 in Axes
 17633 | Lair:4   | You fall into a shaft and drop 1 floor!
 17633 | Lair:5   | Entered Level 5 of the Lair of Beasts
 17726 | Lair:5   | Reached skill level 15 in Armour
 17894 | Lair:5   | Reached skill level 5 in Dodging
 17914 | Lair:5   | Reached ****** piety under Makhleb
 18072 | Lair:5   | Paralysed by a hornet for 3 turns
 18099 | Lair:5   | Reached XP level 14. HP: 120/129 MP: 13/13
 18760 | Lair:4   | Reached skill level 19 in Axes
 19219 | Lair:5   | Reached skill level 10 in Shields
 20372 | D:13     | Reached skill level 15 in Fighting
 20801 | D:14     | Identified the +2 falchion of the Sandy God {freeze, rPois
                  | rN+ Str-5 Int+2}
 21080 | D:14     | Found a gate to the Vaults.
 21149 | D:15     | Entered Level 15 of the Dungeon
 21433 | D:15     | Reached XP level 15. HP: 127/141 MP: 14/14
 22253 | D:15     | Found a staircase to the Depths.
 22813 | D:10     | Reached skill level 20 in Axes
 23066 | D:8      | Killed kthxbai's ghost
 23297 | Orc:1    | Noticed Gastronok
 23301 | Orc:1    | Noticed Jorgrun
 23339 | D:12     | Killed Gastronok
 23533 | Orc:1    | Killed Jorgrun
 24052 | Orc:2    | Entered Level 2 of the Orcish Mines
 24168 | Orc:2    | Found a staircase to the Elven Halls.
 25922 | Orc:2    | Found Qicyut's Antique Weapon Boutique.
 25922 | Orc:2    | Found Nouny's Distillery.
 25924 | Orc:2    | Found Voiwiwug's Distillery.
 25926 | Orc:2    | Found Inezxuat's Assorted Antiques.
 25933 | Orc:2    | Bought a potion of haste for 150 gold pieces
 25933 | Orc:2    | Bought a potion of curing for 45 gold pieces
 25933 | Orc:2    | Bought 2 potions of might for 120 gold pieces
 25933 | Orc:2    | Bought a potion of heal wounds for 75 gold pieces
 25933 | Orc:2    | Bought a potion of curing for 45 gold pieces
 25935 | Orc:2    | Bought a potion of heal wounds for 80 gold pieces
 25935 | Orc:2    | Bought a potion of cancellation for 128 gold pieces
 25935 | Orc:2    | Bought 2 potions of heal wounds for 160 gold pieces
 25935 | Orc:2    | Bought a potion of might for 64 gold pieces
 25935 | Orc:2    | Bought a potion of berserk rage for 80 gold pieces
 25935 | Orc:2    | Bought a potion of haste for 160 gold pieces
 25940 | Orc:2    | Bought a potion of berserk rage for 150 gold pieces
 25940 | Orc:2    | Bought a scroll of identify for 60 gold pieces
 25940 | Orc:2    | Bought a potion of heal wounds for 150 gold pieces
 25940 | Orc:2    | Bought a potion of might for 120 gold pieces
 25940 | Orc:2    | Bought a scroll of identify for 60 gold pieces
 25940 | Orc:2    | Bought a potion of curing for 90 gold pieces
 26147 | Swamp:1  | Entered Level 1 of the Swamp
 26570 | Swamp:1  | Killed from afar by a will-o-the-wisp

Illustrated notes

Levels and vault maps discovered:
D:1:      wander_arrival_chamber, layout_loops_ring,
          ebering_ecumenical_altar_webs
D:2:      layout_rooms, basic_altar
D:3:      layout_rooms, serial_shops, shop, uniq_terence
D:4:      layout_cave_pools, nicolae_overflow_squiral,
          minmay_temple_entry_junction_2, minmay_misc_feat_square, uniq_natasha
D:5:      layout_cave_pods, serial_glass, glass_columns_a, glass_columns_c,
          minmay_quadrilaterals
D:6:      layout_cave_pools, serial_shops, shop
D:7:      layout_basic, grunt_temple_overflow_open, uniq_pikel
D:8:      layout_loops_ring, nzn_ghost_randoct
D:9:      layout_loops_ring, hellmonk_lair_entry_icy
D:10:     layout_loops_ring, mainiacjoe_overflow_six_doors_small, special_room
          [special_room_orc], minmay_evil_grid
D:11:     layout_loops_ring, minmay_shop_grid_forest, grunt_decor_fettered
D:12:     layout_roguey, kennysheep_orc_monster_closet_entryway,
          bh_circular_ruins
D:13:     layout_roguey, uniq_maurice
D:14:     layout_rooms, david_vaults_2
D:15:     hangedman_depths_entry_civil_slaughter, layout_gridville,
          nicolae_concentric_dashed_squares_wild
Temple:   oiseaux_autumnal_temple
Lair:1:   layout_regular_city, grunt_megastairs_5, serial_bayou_shore_b
Lair:2:   layout_big_grid, minmay_swamp_entry_worms, disabler_island,
          lemuel_fruit_fields
Lair:3:   layout_small_grid, spider_nest_entry_webs, serial_bayou_shore_b,
          lemuel_fruit_tree
Lair:4:   layout_concentric_octagons, minmay_slime_entry_pillars,
          gauntlet_entry_generic, infiniplex_staircase_pool
Lair:5:   minmay_lair_end_enchanted_forest, layout_cave_pods
Swamp:1:  layout_basic_swamp, serial_swamp_ruin, evilmike_swamp_ruin_rubble_1,
          evilmike_swamp_ruin_house_4, swamp_pool4
Orc:1:    layout_caves, uniq_gastronok, uniq_jorgrun
Orc:2:    st_orc_rangers, layout_diamond_mine

Skill      XL: |  1  2  3  4  5  6  7  8  9 10 11 12 13 14 15 |
---------------+----------------------------------------------+-----
Shields        | 4 5 6 7 8 9 10 11 | 11.3
Fighting       | 4 5 6 7 8 10 12 13 15 16 | 16.7
Armour         | 4 5 6 7 9 11 12 13 15 16 17 | 17.5
Axes           | 3 4 5 7 9 11 13 15 17 18 19 20 | 20.3
Dodging        | 1 2 3 4 5 |  5.2
Stealth        | 1 2 |  2.0

Action                     |  1- 3 |  4- 6 |  7- 9 | 10-12 | 13-15 || total
---------------------------+-------+-------+-------+-------+-------++-------
  Melee: War axe           |    66 |   128 |   223 |   439 |       ||   856
         Headbutt          |     6 |    19 |    30 |   150 |   270 ||   475
         Broad axe         |       |       |       |   186 |  1071 ||  1257
         Flail             |       |       |       |       |    40 ||    40
    Use: Potion            |       |       |       |     6 |     3 ||     9
         Scroll            |       |       |       |    11 |    12 ||    23
 Armour: Scale mail        |    45 |    26 |       |       |       ||    71
         Chain mail        |       |    62 |    93 |   104 |       ||   259
         Plate armour      |       |       |       |   168 |   574 ||   742
  Dodge: Dodged            |    42 |    75 |    75 |   311 |   663 ||  1166
  Block: Buckler           |    33 |    38 |    30 |   145 |   327 ||   573
